[Event "European Women Blitz-ch 2024"]
[Site "Monaco"]
[Date "2025.01.10"]
[Round "3.8"]
[White "Batsiashvili, Nino"]
[Black "Roebers, Eline"]
[Result "0-1"]
[Annotator "TA"]
[ECO "A80"]
[WhiteElo "2476"]
[BlackElo "2381"]
[PlyCount "79"]
[EventDate "2025.01.06"]
[EventType "swiss"]
[EventCountry "MNC"]
[SourceTitle "playchess.com"]
[Source "ChessBase"]
[SourceQuality "1"]
[TimeControl "180+2"]

1. d4 f5 2. Bf4 Nf6 3. Nd2 d6 4. c3 g6 5. Qc2 Bg7 6. e4 Nh5 7. Bg5 h6 8. Bh4 $1 g5 (8... O-O $11) 9. Bg3 $1 $14 f4 {[%emt 0:00:10] [#]} (9... O-O $11) 10. e5 $1 O-O $15 11. Be2 (11. Bc4+ $11 {remains equal.} d5 12. Be2) 11... Qe8 $1 $17 12. Ngf3 Nc6 (12... fxg3 $6 13. hxg3 Bf5 14. Qb3+ e6 15. exd6 $15) (12... Bf5 $17 13. Qb3+ e6 14. exd6 (14. Qxb7 $2 Nc6 $19) 14... cxd6 (14... fxg3 15. hxg3 Nf6 16. dxc7 $11)) 13. Bd3 $15 Be6 (13... fxg3 14. hxg3 dxe5 15. Bh7+ (15. Bg6 Qd8 $11) 15... Kh8 16. d5 $14 (16. Bg6 Qd8 $16)) 14. O-O-O {[%emt 0:00:15] [#]} dxe5 $1 $17 15. dxe5 Rd8 {[%emt 0:00:00] Black is more active.} (15... fxg3 $6 16. hxg3 Bd5 (16... Bxe5 $2 17. Rde1 $16) (16... Bxa2 17. b3 $14) 17. Bh7+ Kh8 18. Bg6 $11) 16. Nc4 (16. Rhe1 $17) 16... Rxd3 17. Qxd3 Qf7 (17... fxg3 18. hxg3 Qf7 19. b3) 18. Ncd2 fxg3 19. hxg3 $2 (19. fxg3 {was the only defense.} Bf5 (19... Bxe5 $2 20. Qb5 $19) (19... Bxa2 $2 20. Rhf1 $19) (19... Nxe5 $2 20. Nxe5 Bxe5 21. Rhf1 $19) 20. Qc4) 19... g4 $1 $19 (19... Bxe5 20. Qe2 Bg4 21. Qe4 Bxf3 22. Qxf3 Qxa2 23. Qe4 (23. Qxh5 $2 Qa1+ 24. Nb1 Rxf2 $19) 23... Rxf2 24. Rxh5 $17) (19... Bxa2 $2 20. b3 $19) (19... Nxe5 20. Nxe5 Bxe5 21. Qe2 $14) 20. Nd4 {[%emt 0:00:03] And now Nxe6 would win.} Nxe5 (20... Bxe5 $2 21. Nxe6 Qxe6 22. Rxh5 $18) 21. Qe2 Bf5 (21... Qxf2 22. Qxf2 Rxf2 23. Ne4 (23. Nxe6 $2 Nxg3 24. Rh2 h5 $19) 23... Nxg3 (23... Rxg2 24. Nxe6 Nxg3 25. Nxg3 $17) 24. Nxf2 Nxh1 25. Rxh1 $17) (21... Bxa2 $142 22. Ne4 Bd5) 22. Nxf5 Qxf5 23. Nc4 {[%emt 0:00:02] [#]} Nxc4 $1 (23... Qxf2 24. Qxf2 Rxf2 25. Nxe5 Bxe5 26. Rxh5 Bxg3 27. Kb1 $17) 24. Qxc4+ Kh8 25. Rd2 (25. a3) 25... Nf6 (25... Bf6 $142 {[%cal Of6g5] And now ...Bg5! would win.} 26. Rc2 Bg5+ 27. Kb1 Rd8) 26. Re2 (26. Qf4 {was worth a try.} Qe4 27. f3 Qxf4 28. gxf4) 26... h5 27. Qf4 $2 {[%emt 0:00:12] Dodges Bh6} (27. f4 gxf3 28. gxf3 Bh6+ (28... Qxf3 $2 29. Rd1 $19) 29. f4) 27... Qg6 28. Qe5 Bh6+ 29. Re3 Bxe3+ 30. Qxe3 Qf5 {[%emt 0:00:05] Inhibits Qe5.} 31. Qh6+ Kg8 32. Qe3 Rd8 33. Qxe7 Re8 34. Qb4 (34. Qxc7 $142 Qxf2 35. Qxb7) 34... Qxf2 35. Qxb7 Re2 36. Qb3+ Kg7 37. Kb1 Qf5+ 38. Ka1 Qe4 {[%emt 0:00:03] ( -> ...Re1+)} 39. Rb1 Re1 40. Rd1 0-1

[Event "European Women Blitz-ch 2024"]
[Site "Monaco"]
[Date "2025.01.10"]
[Round "3.9"]
[White "Gaponenko, Inna"]
[Black "Javakhishvili, Lela"]
[Result "1/2-1/2"]
[Annotator "TA"]
[ECO "B04"]
[WhiteElo "2346"]
[BlackElo "2426"]
[PlyCount "65"]
[EventDate "2025.01.06"]
[EventType "swiss"]
[EventCountry "MNC"]
[SourceTitle "playchess.com"]
[Source "ChessBase"]
[SourceQuality "1"]
[TimeControl "180+2"]

1. e4 Nf6 2. e5 Nd5 3. d4 d6 4. Nf3 dxe5 5. Nxe5 c6 6. Be2 Nd7 7. Nf3 N7f6 8. O-O Bf5 9. c4 {[%emt 0:00:23] Repels e6. White is better.} Nb4 10. Na3 {[%emt 0:00:13] Inhibits Nc2.} e6 11. Bf4 Be7 12. Be5 O-O 13. Qb3 a5 14. Nh4 Be4 15. Bf3 $2 {[%emt 0:00:15] [#]} (15. Qe3 $11 {and White is okay.}) 15... h6 $2 (15... Bd3 $1 $19 16. Rfd1 Nd7) 16. Bxe4 $1 $11 Nxe4 17. Nf3 Ng5 18. Nxg5 Bxg5 19. Nc2 Nxc2 20. Qxc2 Bf6 21. Rad1 a4 22. a3 Qe7 23. Rfe1 Rfd8 24. h3 Rd7 25. Rd3 Rad8 26. Red1 {[%emt 0:00:04] The position is equal.} Bxe5 27. dxe5 Rxd3 28. Rxd3 Rxd3 29. Qxd3 {[%emt 0:00:01] KQ-KQ} Qc5 30. Qd8+ Kh7 31. Qd3+ Kg8 32. Qd8+ Kh7 33. Qd3+ {[%emt 0:00:01] Weighted Error Value: White=0.22 (precise) /Black=0.17 (very precise) .  Loses game:     	White=1     	---        Missed win:     	---       	Black=1      Inaccurate:     	White=2     	---        OK:         	White=6     	Black=14     Strong:       	White=1     	---} 1/2-1/2

[Event "European Women Blitz-ch 2024"]
[Site "Monaco"]
[Date "2025.01.10"]
[Round "3.10"]
[White "Prado Acebo, Ines"]
[Black "Kulon, Klaudia"]
[Result "0-1"]
[Annotator "TA"]
[ECO "D30"]
[WhiteElo "2176"]
[BlackElo "2393"]
[PlyCount "76"]
[EventDate "2025.01.06"]
[EventType "swiss"]
[EventCountry "MNC"]
[SourceTitle "playchess.com"]
[Source "ChessBase"]
[SourceQuality "1"]
[TimeControl "180+2"]

1. d4 Nf6 2. Bg5 e6 3. Nd2 d5 4. e3 Be7 5. Ngf3 Nbd7 6. c4 c6 7. a3 b6 8. Be2 O-O 9. O-O Bb7 10. Rc1 c5 11. cxd5 Nxd5 12. Bxe7 Qxe7 13. e4 (13. dxc5 $11 Nxc5 14. g4) 13... Nf4 $15 14. Bb5 (14. b4 $11) 14... cxd4 {[%emt 0:00:24] Black is more active.} (14... f5 $17 15. Re1 fxe4 16. Nxe4 Nf6) 15. Rc7 $14 Bc8 16. Qa4 (16. Nxd4 Qd6 17. Rc4 Ne5 $17) 16... Qd6 17. Rc6 Qb8 (17... Qe7 $14) 18. Qxd4 (18. Rxc8 $1 $16 Qxc8 19. Bxd7) 18... a6 19. e5 Ng6 20. Bd3 (20. Rxc8 Rxc8 21. Bxd7 Rd8 $19) (20. Be2 $11) 20... Ndxe5 (20... Ngxe5 $15 21. Nxe5 Nxe5 22. Rxb6 Qa7) 21. Rxb6 $11 Nxf3+ 22. Nxf3 Qa7 23. h4 (23. Rd1 $14) 23... e5 24. Qb4 (24. Nxe5 $2 Nxe5 25. Be4 Rb8 26. Bxh7+ Kh8 (26... Kxh7 27. Rh6+ gxh6 28. Qxa7 $15) 27. Qxe5 Qxb6 $19) (24. Qd6 $16 {[%cal Od3e4] Hoping for Be4!.} Bb7 25. Ng5 (25. Nxe5 $2 Nxe5 26. Rxb7 Qxb7 $19)) 24... a5 25. Qb3 Be6 26. Rxe6 fxe6 27. Qxe6+ Qf7 ({Black should play} 27... Kh8 $1 $11) 28. Qc6 ({White should try} 28. Qxf7+ $1 $14 Kxf7 29. Ng5+ Ke7 30. Nxh7) 28... Rac8 29. Qe4 Qf4 30. Qd5+ Kh8 31. Ng5 {[%emt 0:00:07] [#]} (31. Bxg6 $11 hxg6 32. Nxe5) 31... Rcd8 $1 $17 {[%emt 0:00:12] The board is on fire.} (31... Qxh4 32. Nf7+ Rxf7 33. Qxf7 $14) (31... Nxh4 32. Ne6 Qf7 33. Qe4 $11 (33. Qxe5 $2 Rce8 $17)) 32. Qb3 $2 (32. Qe4 $17 Rd4 (32... Nxh4 33. Qxh7#) (32... Qxh4 33. Ne6 $14) 33. Qxf4 Nxf4 (33... exf4 $2 34. Bxg6 hxg6 35. Ne6 $18) 34. Bb5) 32... Qf6 $2 ({Stronger than} 32... Qxh4 33. Nf7+ Rxf7 34. Qxf7 $11) (32... Nxh4 $19 33. Ne6 Qg4) 33. Ne6 $2 {[%emt 0:00:00][%mdl 8192] [#]} (33. Nxh7 $11 {and White is okay.} Kxh7 34. h5) 33... Rxd3 $1 $19 34. Qxd3 Qxe6 35. h5 Nf4 36. Qd1 (36. Qe4 $142) 36... e4 37. Re1 Qf5 {[%emt 0:00:03][%cal Of4g2] and ...Nxg2! would now be decisive} 38. g3 Nh3+ 0-1

[Event "European Women Blitz-ch 2024"]
[Site "Monaco"]
[Date "2025.01.10"]
[Round "3.11"]
[White "Cramling Bellon, Anna"]
[Black "Berezovska, Svetlana"]
[Result "1-0"]
[Annotator "TA"]
[ECO "D37"]
[WhiteElo "2052"]
[BlackElo "1858"]
[PlyCount "76"]
[EventDate "2025.01.06"]
[EventType "swiss"]
[EventCountry "MNC"]
[SourceTitle "playchess.com"]
[Source "ChessBase"]
[SourceQuality "1"]
[TimeControl "180+2"]

1. d4 d5 2. c4 e6 3. Nc3 a6 4. cxd5 exd5 5. Nf3 Nf6 6. Bg5 Be7 7. e3 O-O 8. Qc2 h6 9. Bf4 c6 10. h3 Be6 11. Bd3 Nbd7 12. O-O Rc8 13. Bf5 Bxf5 14. Qxf5 Nb6 15. Rfd1 Qd7 16. Qd3 Nc4 17. Qe2 Bd6 18. Ne5 Qe6 (18... Qe7 $11) 19. Nxc4 $14 dxc4 ({Black should try} 19... Bxf4 $14 20. Na5 b6) 20. Bxd6 $16 Qxd6 21. Qxc4 Rfe8 22. Qc5 Qe6 23. Qb6 Re7 24. Na4 Nd5 25. Qb3 Qf5 26. Nc5 {[%emt 0:00:05][%cal Oe3e4] Strongly threatening e4!.} Qg6 27. e4 (27. Nxb7 $2 Rb8 28. Qa3 Rbxb7 $19 (28... Rexb7 $2 29. b3 $19)) (27. Rac1 $16) 27... Nf4 $14 28. Qf3 $1 (28. Nxb7 $2 Qxg2#) 28... Ne6 $1 29. Nxe6 Qxe6 30. Re1 $36 {[%emt 0:00:06][%mdl 2048] White has the initiative.} Qc4 (30... Rd7 $11 {keeps the balance.}) 31. Rad1 ({White should play} 31. Qc3 $16 Qa4 32. e5) 31... Rd8 32. b3 Qb4 33. Qd3 c5 $2 (33... Red7 $11) 34. d5 $18 b5 35. d6 Red7 (35... Re5 {keeps fighting.} 36. Qe3 Re6) 36. e5 Qf4 37. Qd5 Qf5 38. Qxc5 Qe6 1-0

[Event "European Women Blitz-ch 2024"]
[Site "Monaco"]
[Date "2025.01.10"]
[Round "3.12"]
[White "Zhukova, Natalia"]
[Black "Calzetta Ruiz, Monica"]
[Result "1-0"]
[Annotator "TA"]
[ECO "D40"]
[WhiteElo "2306"]
[BlackElo "2230"]
[PlyCount "83"]
[EventDate "2025.01.06"]
[EventType "swiss"]
[EventCountry "MNC"]
[SourceTitle "playchess.com"]
[Source "ChessBase"]
[SourceQuality "1"]
[TimeControl "180+2"]

1. c4 e6 2. Nc3 d5 3. d4 c5 4. e3 Nc6 5. Nf3 Nf6 6. a3 a6 7. dxc5 Bxc5 8. b4 Be7 9. Bb2 O-O 10. Rc1 dxc4 11. Bxc4 Qxd1+ 12. Rxd1 b5 13. Bd3 Bb7 14. O-O Rfd8 15. Bb1 Rxd1 16. Rxd1 Rd8 17. Rc1 Kf8 18. Kf1 Ke8 (18... a5 $15) 19. Ke2 h6 20. Ne4 a5 (20... Nxe4 $5 21. Bxe4 Nd4+ 22. Bxd4 (22. exd4 Bxe4 23. g3 Bd5 $17) 22... Bxe4 $14) 21. Nxf6+ gxf6 22. bxa5 (22. Be4 $14 {is more appropriate.} Kd7 23. Bxc6+ Bxc6 24. bxa5) 22... Nxa5 $11 23. Nd2 Nc4 24. Nxc4 bxc4 25. Ke1 (25. Ba2 $11) 25... Ba6 $2 ({Black should try} 25... Bxg2 $17 {White must now prevent ...Rb8.} 26. Ba2 (26. Rxc4 $2 Rb8 $19) 26... Rb8) 26. Bc2 Rb8 27. Ba4+ Kf8 28. Rc2 c3 29. Bxc3 Bxa3 (29... Bb7 $11 {remains equal.}) 30. Bxf6 $16 Rb1+ 31. Kd2 Bb4+ 32. Bc3 Bd6 33. Bd4 (33. Rb2 $16 Rxb2+ 34. Bxb2) 33... Rg1 (33... Bb4+ $11 34. Bc3 Bxc3+ 35. Kxc3 h5) 34. Rc6 Bb4+ 35. Kc2 Bb7 36. Rb6 Be4+ 37. Kb3 Rb1+ $2 (37... Ba5 $1 $11 {and Black is okay.} 38. Rb8+ Ke7) 38. Bb2 $2 (38. Ka2 $18) 38... Be7 $2 (38... Bxg2 $2 {perishes.} 39. Rxb4 Bd5+ 40. Ka3 $18) (38... Bd5+ $11 39. Kc2 Be4+ 40. Kb3 Bd5+) 39. f3 $2 (39. Rb8+ $18 {is the precise move to win.} Bd8 40. Rxd8+ Ke7 41. Rd7+ Kf8 42. Ka3) 39... Bd5+ $2 (39... Bf6 $16 40. Ka2 Rxb2+ (40... Bxb2 41. Rxb2 Rxb2+ 42. Kxb2 $16) 41. Rxb2 Bxb2) 40. Kc2 $18 {[%emt 0:00:00] aiming for Rb8+.} Rg1 (40... Rxb2+ $18 41. Rxb2 (41. Kxb2 Bc5 $18) 41... Bd6) 41. Rb8+ Bd8 42. Bf6 (42. Rxd8+ $142 Ke7 43. Rd7+ Kf8 44. Bf6 Rxg2+ 45. Kc3 Kg8 46. Bb5 (46. Rd8+ Kh7 $18) 46... Be4 47. fxe4) 1-0

[Event "European Women Blitz-ch 2024"]
[Site "Monaco"]
[Date "2025.01.10"]
[Round "3.13"]
[White "Kazarian, Anna-Maja"]
[Black "Alexieva, Silvia"]
[Result "1-0"]
[Annotator "TA"]
[ECO "B48"]
[WhiteElo "2206"]
[BlackElo "2210"]
[PlyCount "47"]
[EventDate "2025.01.06"]
[EventType "swiss"]
[EventCountry "MNC"]
[SourceTitle "playchess.com"]
[Source "ChessBase"]
[SourceQuality "1"]
[TimeControl "180+2"]

1. e4 c5 2. Nf3 e6 3. d4 cxd4 4. Nxd4 Nc6 5. Nc3 Qc7 6. Be3 a6 7. g4 Nxd4 8. Qxd4 b5 $1 9. O-O-O {[%emt 0:00:05] White is slightly better.} Bb7 10. Kb1 Rc8 (10... Nf6 $11 {is superior.}) 11. a3 (11. Bf4 $1 $14 Qc6 12. a3) 11... Ne7 (11... Nf6 $11) 12. f4 {[%emt 0:00:23] White is more active.} ({White should try} 12. Qd2 $16 {[%cal Of1b5] Hoping for Bxb5!} d5 13. Bg2) 12... Nc6 $11 13. Qd2 {[%emt 0:00:10][%cal Oe3b6] Bb6! would now be deadly.} b4 14. Na4 $36 {[%emt 0:00:12][%mdl 2048] White has the initiative.} (14. Nb5 {simplifies} axb5 15. Bb6 Qd6 16. Qxd6 Bxd6 17. Rxd6 Nb8 18. Bd3) 14... bxa3 $2 {[%emt 0:00:11][%mdl 8192] [#] Black cannot hold the game after this.} ({Black should play} 14... Nb8 $14 15. Bd3 (15. axb4 $2 Bxe4 16. Nb6 Bxh1 $19) 15... bxa3) 15. Bb6 $1 $18 a2+ 16. Ka1 $1 Qd6 17. Qxd6 {[%emt 0:00:08] White is clearly winning.} Bxd6 18. Rxd6 {[%emt 0:00:01][%cal Oa4c5] Nc5! is the strong threat.} Nb4 19. Nc3 h5 20. g5 ({Weaker is} 20. Nxa2 Nxc2+ 21. Kb1 Bxe4 $19) 20... f5 21. gxf6 (21. Nxa2 Nxc2+ 22. Kb1 Bxe4 $11) 21... gxf6 22. Rg1 ({Inferior is} 22. Nxa2 Nxc2+ 23. Kb1 Bxe4 $14) 22... Ke7 23. Rd2 Rhg8 {[%emt 0:00:07] [#] Prevents Rg7+} 24. Bc5+ $1 {[%emt 0:00:18][%mdl 512] Weighted Error Value: White=0.14 (very precise) /Black=0.62.  Loses game:     	---       	Black=1      Mistake:       	White=2     	Black=2      Inaccurate:     	---       	Black=1      OK:         	White=5     	Black=4      Strong:       	White=2     	Black=1} 1-0

[Event "European Women Blitz-ch 2024"]
[Site "Monaco"]
[Date "2025.01.10"]
[Round "3.14"]
[White "Hryzlova, Sofiia"]
[Black "Matnadze Bujiashvili, Ann"]
[Result "0-1"]
[Annotator "TA"]
[ECO "A14"]
[WhiteElo "2229"]
[BlackElo "2315"]
[PlyCount "66"]
[EventDate "2025.01.06"]
[EventType "swiss"]
[EventCountry "MNC"]
[SourceTitle "playchess.com"]
[Source "ChessBase"]
[SourceQuality "1"]
[TimeControl "180+2"]

1. Nf3 Nf6 2. g3 b6 3. Bg2 Bb7 4. c4 e6 5. O-O c5 6. d3 d5 7. b3 Be7 8. Bb2 O-O 9. e3 Nc6 10. Qe2 Re8 11. Nbd2 Bf8 12. a3 Rc8 (12... e5 $15) 13. Rac1 g6 14. Ne5 Bg7 15. f4 Qe7 16. Ndf3 Na5 17. Qc2 Red8 18. g4 Ne8 {[%emt 0:00:05] Strongly threatening ...f6.} 19. g5 $1 h5 $2 (19... d4 $11) 20. gxh6 $18 Bxh6 21. h4 (21. Ng5 $1 $18 Nd6 22. b4 Bxg5 23. fxg5 Qxg5 24. bxa5 dxc4 25. dxc4) 21... Nf6 $2 (21... Nc6 $1 $14) 22. Ng5 Rf8 {[%emt 0:00:04] [#]} 23. d4 (23. Bh3 $1 $18) 23... Bg7 (23... dxc4 $1 $14 24. Nexf7 (24. bxc4 Bxg2 25. Qxg2 cxd4 $11) 24... Rxf7 25. Qxg6+ (25. bxc4 $2 Bxg2 26. Qxg6+ Rg7 $19) 25... Bg7 26. Bxb7 (26. Qxf7+ Qxf7 27. Nxf7 Bxg2 $17) (26. bxc4 Bxg2 27. Kxg2 Qe8 $17) 26... Nxb7) 24. Qd3 (24. dxc5 $16 {Bh3 would now be deadly.} dxc4 25. b4 (25. bxc4 Bxg2 26. Qxg2 Qxc5 $11)) 24... cxd4 25. exd4 dxc4 26. bxc4 Bxg2 27. Kxg2 Nh5 28. Kh2 Nc6 {[%emt 0:00:19] [#]} (28... Qf6 $11 {keeps the balance.}) 29. Nxg6 $1 $16 fxg6 30. Qxg6 Nf6 {[%emt 0:00:01] Inhibits Qh7+.} 31. d5 e5 $2 32. fxe5 $2 ({Less strong is} 32. dxc6 Rxc6 33. Kg1 (33. fxe5 $2 {perishes.} Ng4+ 34. Kg3 Rxg6 $19) 33... Qe8 $16) (32. Rg1 $18) 32... Nxe5 $17 {[%emt 0:00:04] A dynamic duo of knights.} 33. Qf5 $2 (33. Bxe5 $17 Qxe5+ 34. Kh1) 33... Nfg4+ (33... Nxc4 34. Rfe1 Qd6+ 35. Kh1 Qxd5+ 36. Qxd5+ Nxd5 37. Bxg7 $17) 0-1

[Event "European Women Blitz-ch 2024"]
[Site "Monaco"]
[Date "2025.01.10"]
[Round "3.15"]
[White "Injac, Teodora"]
[Black "Atalik, Ekaterina"]
[Result "0-1"]
[Annotator "TA"]
[ECO "A08"]
[WhiteElo "2453"]
[BlackElo "2395"]
[PlyCount "72"]
[EventDate "2025.01.06"]
[EventType "swiss"]
[EventCountry "MNC"]
[SourceTitle "playchess.com"]
[Source "ChessBase"]
[SourceQuality "1"]
[TimeControl "180+2"]

1. Nf3 d5 2. g3 Nf6 3. Bg2 c5 4. O-O Nc6 5. d3 e5 6. Na3 Be7 7. e4 O-O 8. c3 Re8 9. Re1 (9. exd5 $5 Nxd5 10. Nc4 $11) 9... Bf8 (9... d4 $15) 10. Bg5 (10. exd5 $11 Nxd5 11. Nc4) 10... d4 $15 11. c4 h6 12. Bd2 g6 13. Rf1 Bg7 (13... a6 $17) 14. Nh4 (14. Qc1 $15) 14... g5 (14... Bg4 $17 15. Qe1 a6) 15. Nf5 Bxf5 16. exf5 e4 17. dxe4 Nxe4 18. Re1 Nd6 19. Rxe8+ Qxe8 20. Nb5 Qd7 (20... Nxc4 $6 21. Nc7 Qd8 (21... Nxb2 $2 22. Nxe8 Nxd1 23. Nxg7 $18) 22. Nxa8 $16) 21. Nxd6 Qxd6 22. Qh5 $36 {[%emt 0:00:09][%mdl 2048] White has some pressure.} Re8 23. h4 gxh4 24. Qxh4 b6 (24... Re2 $11 {keeps the balance.} 25. Rd1 d3) 25. Qh5 d3 26. Bd5 {[%emt 0:00:03] This pair of bishops is nice.} (26. Bf4 {simplifies} Qf6 27. Rd1 Nd4 28. Rxd3 Qxf5 29. Qxf5 Nxf5 30. Rd5) 26... Rf8 ({Black should play} 26... Qf6 $14) 27. Re1 $16 Nd4 {[%emt 0:00:06] Repels Re6} 28. Re4 {[%emt 0:00:07] aiming for Rg4.} Qf6 29. g4 $2 (29. Qg4 $16 {stays on course.}) 29... Nf3+ $19 30. Kg2 Nxd2 31. Re3 b5 (31... Qxb2 $2 32. g5 Qc1 (32... Qxa2 33. Re8 Rxe8 34. Qxf7+ Kh8 35. Qxe8+) 33. f6 Qf1+ (33... Nxc4 $2 34. Rg3 $18) 34. Kg3 Qg1+ 35. Kh3 Qxf2 36. Re7 Qf5+ 37. Qg4 Qxg5 38. fxg7 Kxg7 (38... Qxe7 $2 39. gxf8=B+ Kxf8 40. Qf4 $19) 39. Re3 Qxg4+ 40. Kxg4 $19) 32. Rxd3 Nxc4 (32... Qxb2 $2 33. f6 Qxf6 (33... bxc4 $2 {too greedy.} 34. Bxf7+ Rxf7 35. Rd8+ Rf8 36. Qd5+ Kh8 37. Qf7 $18) (33... Bxf6 34. Qxh6 Bg7 35. Rxd2 $11) 34. Rxd2 $17) 33. Bxc4 bxc4 34. Rg3 Qg5 35. Qh1 Be5 36. Rh3 Qxg4+ 0-1

[Event "European Women Blitz-ch 2024"]
[Site "Monaco"]
[Date "2025.01.10"]
[Round "3.16"]
[White "Bulmaga, Irina"]
[Black "Piddubna, Bozhena"]
[Result "1-0"]
[Annotator "TA"]
[ECO "C45"]
[WhiteElo "2386"]
[BlackElo "2152"]
[PlyCount "115"]
[EventDate "2025.01.06"]
[EventType "swiss"]
[EventCountry "MNC"]
[SourceTitle "playchess.com"]
[Source "ChessBase"]
[SourceQuality "1"]
[TimeControl "180+2"]

1. e4 e5 2. Nf3 Nc6 3. d4 exd4 4. Nxd4 Nf6 5. Nxc6 bxc6 6. Nd2 d5 7. exd5 cxd5 8. Bb5+ Bd7 9. Bxd7+ Qxd7 10. O-O Be7 11. b3 O-O 12. Bb2 Qf5 13. Nf3 Rfe8 14. Qd3 Qh5 ({Black should try} 14... Qxd3 $11 15. cxd3 Rac8) 15. Rad1 $14 Rad8 16. h3 Ne4 (16... Qg6 {simplifies} 17. Qxg6 hxg6 18. Nd4 c5) 17. c4 Bf6 (17... h6 $11) 18. Bxf6 $16 Nxf6 19. cxd5 ({White should try} 19. Rfe1 $16) 19... Rxd5 $11 20. Qc4 Rc5 21. Qa6 {[%emt 0:00:16][%cal Oa2a4] White wants to play a4!.} Ra5 22. Qc4 Rc5 23. Qd3 (23. Qd4 $14 {feels stronger.}) 23... h6 24. Rfe1 Rxe1+ 25. Rxe1 Qd5 26. Qb1 Rc6 27. Rd1 Qe6 $2 (27... Qe4 $11) 28. Nd4 $18 Qd6 29. Nxc6 Qxc6 {[%emt 0:00:02][%mdl 4096] Endgame KQR-KQN} 30. Rd8+ Ne8 31. Qe1 Kf8 32. Qb4+ Kg8 33. Qd2 (33. Qc4 $142 Qg6 34. Rxe8+ Kh7 35. Qe4 (35. Qxc7 a6 $18)) 33... Kh7 (33... Kf8 $142 34. Qb4+ Kg8) 34. Qd3+ g6 35. Rd7 Qf6 36. g3 Ng7 37. Qd4 Qf5 38. Qd5 Qb1+ 39. Kg2 Qxa2 40. Qxf7 Qb2 41. Rxc7 {[%emt 0:00:03][%cal Of7g7] Threatening mate with Qxg7+!.} Qd4 {[%emt 0:00:02] [#]} 42. Qxg7+ $1 Qxg7 43. Rxg7+ Kxg7 {[%emt 0:00:01] KP-KP. White is a pawn up.} 44. Kf3 Kf6 45. Ke4 Ke6 46. f4 Kd6 47. g4 Ke6 48. Kd4 Kd6 49. b4 Ke6 50. Kc5 h5 51. b5 hxg4 52. hxg4 {[%emt 0:00:01][%cal Bh3g4,Bg4f5,Bf5f6][%mdl 32] K3P-KPP. White is a pawn up.} Kd7 53. Kd5 Kc7 54. f5 gxf5 55. gxf5 Kd7 56. f6 Kd8 57. Kc6 Ke8 58. Kb7 1-0